 Dungeon Crawl Stone Soup version 0.25.1-1-g288607f5aa (webtiles) character file.

Game seed: 2951923570409623081

48 Superazbuka the Charmwright (level 4, -11/30 HPs)
             Began as a Halfling Skald on July 21, 2020.
             Mangled by an orc warrior
             ... wielding a cursed -1 morningstar
              (18 damage)
             ... on level 1 of the Dungeon.
             The game lasted 00:03:10 (1429 turns).

Superazbuka the Charmwright (Halfling Skald)        Turns: 1429, Time: 00:03:10

Health: -11/30     AC:  5    Str: 11 (13) XL:     4   Next: 0%
Magic:  6/6        EV: 14    Int:  9 (11) God:
Gold:   83         SH:  0    Dex: 12 (13) Spells: 1/6 levels left

rFire    . . .     SeeInvis .   e - +1 flail (vorpal)
rCold    . . .     Gourm    .   (shield restricted)
rNeg     . . .     Faith    .   b - +0 leather armour
rPois    .         Spirit   .   (no helmet)
rElec    .         Reflect  .   h - +0 cloak
rCorr    .         Harm     .   i - +0 pair of gloves
MR       .....                  (no boots)
Stlth    +.........             (no amulet)
HPRegen  0.10/turn              (no ring)
MPRegen  0.10/turn              (no ring)

@: no status effects
A: small, mutation resistance 1
a: no special abilities


You were on level 1 of the Dungeon.
You were hungry.

You visited 1 branch of the dungeon, and saw 2 of its levels.

You collected 83 gold pieces.

Inventory:

Hand Weapons
 a - a +0 falchion
 e - a +1 vorpal flail (weapon)
Armour
 b - a +0 leather armour (worn)
 h - a +0 cloak (worn)
 i - a +0 pair of gloves (worn)
 n - a +0 scale mail
Scrolls
 c - a scroll of enchant armour {unknown}
 j - 3 scrolls of identify {unknown}
 m - a scroll of teleportation {unknown}
Potions
 g - a potion of ambrosia {unknown}
 k - a potion of degeneration
 l - 2 potions of might {unknown}
Comestibles
 d - 3 rations


   Skills:
 * Level 2.5 Fighting
 - Level 2.1 Long Blades
 + Level 0.4 Maces & Flails
 + Level 1.5 Armour
 + Level 2.5 Dodging
 + Level 1.8 Spellcasting
 + Level 3.5 Charms


You had one spell level left.
You knew the following spells:

 Your Spells              Type           Power        Failure   Level  Hunger
a - Infusion              Chrm           #...         11%         1    ##.....
b - Song of Slaying       Chrm           #.......     16%         2    ###....
c - Shroud of Golubria    Chrm/Tloc      #.....       32%         2    ###....

Your spell library contained the following spells:

 Spells                   Type           Power        Failure   Level  Hunger
 Ozocubu's Armour         Chrm/Ice       #.......     54%         3    ####...
 Spectral Weapon          Hex/Chrm       #.......     54%         3    ####...


Dungeon Overview and Level Annotations

Branches:
Dungeon (2/15)

Altars:


Innate Abilities, Weirdness & Mutations

You are small and have problems with some larger weapons.
You are somewhat resistant to further mutation.


Message History

The orc warrior hits you with a cursed -1 morningstar!
* * * LOW HITPOINT WARNING * * *
There is a stone staircase leading up, spattered with blood here.
The orc hits you with a +0 club.
* * * LOW HITPOINT WARNING * * *
The orc warrior closely misses you.
You climb upwards.
There is a stone staircase leading down here.
There is an open door here.
The orc warrior misses you.
There is an open door here.
You see here a spear.
There is an open door here.
You see here a +0 club.
It was a potion of degeneration.
There was something very wrong with that liquid.
You feel weakened.
You feel dopey.
You feel clumsy.
The orc warrior hits you with a cursed -1 morningstar!!
Ouch! That really hurt!
You die...

#.##.# #.# #.###.# #.##.####.##
##.#.## ##########
#.##.......###.#.#.###........[
#.#######......###..)..########
#.# #.####.###.##### #.# #.#
##...############# #.# #.#
##.....)......... #.#
##.######.##############
#(######....).@o.#######
#..........####..o.....#
########...#####.#####.#
##########..........# #.###
.............#####..####o..######
########..............)..........
# #.##.######.#######.###### #
#.##.######.# #.# #
#.##...รท.##.##### #.#


You could see an orc warrior and an orc.

Vanquished Creatures
  A gnoll (D:1)
  An ooze (D:1)
  3 dart slugs (D:1)
  A giant cockroach (D:1)
  2 hobgoblins (D:1)
  4 kobolds
  2 bats (D:1)
  A frilled lizard (D:1)
  9 goblins
  5 rats (D:1)
29 creatures vanquished.

Notes
Turn   | Place    | Note
-------+----------+-------------------------------------------
     0 | D:1      | Superazbuka the Halfling Skald began the quest for the Orb.
     0 | D:1      | Reached XP level 1. HP: 14/14 MP: 3/3
    59 | D:1      | Reached XP level 2. HP: 6/19 MP: 0/4
   416 | D:1      | Reached XP level 3. HP: 22/24 MP: 5/5
   658 | D:1      | Learned a level 2 spell: Song of Slaying
   661 | D:1      | Learned a level 2 spell: Shroud of Golubria
  1283 | D:2      | Reached XP level 4. HP: 25/30 MP: 6/6
  1339 | D:2      | Noticed an orc warrior
  1368 | D:2      | HP: 1/30 [orc/+0 club (2)]
  1429 | D:1      | Mangled by an orc warrior

Illustrated notes

Levels and vault maps discovered:
D:1:      evilmike_arrival_fibonacci_small, layout_loops_ring, minmay_liquid_box
D:2:      layout_basic, zin_statuary, serial_glass, glass_columns_a,
          glass_columns_b, kennysheep_decorative_pillar

Skill      XL: |  1 |
---------------+----+-----
Fighting       | 2 |  2.5
Long Blades    | |  2.1
Maces & Flails | |  0.4
Armour         | |  1.5
Dodging        | |  2.5
Spellcasting   | |  1.8
Charms         | |  3.5

Action                   |  1- 3 |  4- 6 || total
-------------------------+-------+-------++-------
Melee: Falchion          |    12 |       ||    12
       Flail             |    56 |     2 ||    58
 Cast: Infusion          |     1 |     1 ||     2
  Use: Potion            |       |     1 ||     1
 Stab: Sleeping          |     1 |       ||     1
  Eat: Chunk             |     1 |       ||     1
Armor: Leather armour    |    17 |     1 ||    18
Dodge: Dodged            |    53 |     4 ||    57
       Rpst.: Falchion   |     3 |       ||     3
